 Dungeon Crawl Stone Soup version 0.19.5 (webtiles) character file.

249 Inkary the Chopper (level 6, -8/48 HPs)
             Began as a Formicid Fighter on Dec 4, 2016.
             Was an Initiate of Makhleb.
             Mangled by Exporg's ghost (12 damage)
             ... on level 4 of the Dungeon on Mar 26, 2017.
             The game lasted 00:04:48 (2401 turns).

Inkary the Chopper (Formicid Fighter)               Turns: 2401, Time: 00:04:49

Health: -8/48      AC:  7    Str: 27    XL:     6   Next: 34%
Magic:  6/6        EV:  8    Int:  8    God:    Makhleb [......]
Gold:   90         SH: 10    Dex: 10    Spells: 0 memorised, 5 levels left

rFire  . . .     SeeInvis +     a - +0 war axe
rCold  . . .     Gourm    .     b - +0 scale mail
rNeg   . . .     Faith    .     c - +0 shield
rPois  .         Spirit   .     (helmet unavailable)
rElec  .         Reflect  .     (no cloak)
rCorr  .         Harm     .     (no gloves)
MR     .....                    (no boots)
Stlth  ..........               (no amulet)
                                (no ring)
                                (no ring)

@: mighty
A: permanent stasis, dig shafts and tunnels, four strong arms, antennae 3
a: Dig, Shaft Self, Renounce Religion


You were on level 4 of the Dungeon.
You worshipped Makhleb.
Makhleb was noncommittal.
You were not hungry.

You visited 1 branch of the dungeon, and saw 6 of its levels.

You collected 90 gold pieces.

Inventory:

Hand Weapons
 a - a +0 war axe (weapon)
Armour
 b - a +0 scale mail (worn)
 c - a +0 shield (worn)
Jewellery
 q - an uncursed ring of positive energy {unknown}
 u - an uncursed ring of protection from fire {unknown}
Scrolls
 e - 2 scrolls of blinking {unknown}
 g - a scroll of fog {unknown}
 h - 2 scrolls of fear {unknown}
 i - 3 scrolls of remove curse {unknown}
 j - 2 scrolls of teleportation {unknown}
 n - a scroll of recharging {unknown}
 o - 2 scrolls of immolation {unknown}
 w - 2 scrolls of magic mapping {unknown}
 x - a scroll of identify {unknown}
 y - a scroll of enchant armour {unknown}
Potions
 k - a potion of degeneration {unknown}
 l - a potion of haste {unknown}
 r - a potion of agility {unknown}
 s - a potion of beneficial mutation {unknown}
 t - a potion of heal wounds {unknown}
 A - a potion of cure mutation
 B - a potion of resistance {unknown}
Comestibles
 f - 3 bread rations
 m - 4 fruits
 p - a meat ration
 v - a beef jerky


   Skills:
 - Level 3.8 Fighting
 * Level 5.5 Axes
 - Level 3.7 Armour
 + Level 0.3 Stealth
 - Level 3.9 Shields


You had 5 spell levels left.
You didn't know any spells.

Dungeon Overview and Level Annotations

Branches:
Dungeon (6/15)             Temple (0/1) D:4

Altars:
Makhleb
Trog
Uskayaw

Annotations:
D:4 Exporg's ghost, amateur MiFi


Innate Abilities, Weirdness & Mutations

You are under a permanent stasis effect.
You can dig through walls and to a lower floor.
Your four strong arms can wield two-handed weapons with a shield.
You have a pair of large antennae on your head. (SInv)


Message History

Exporg's ghost hits you!
* * * LOW HITPOINT WARNING * * *
You are too injured to fight recklessly!
You barely miss Exporg's ghost.
Exporg's ghost is heavily damaged.
Exporg's ghost hits you.
* * * LOW HITPOINT WARNING * * *
Exporg's ghost hits you.
* * * LOW HITPOINT WARNING * * *
You hit Exporg's ghost.
Exporg's ghost is heavily damaged.
You block Exporg's ghost's attack.
You hit Exporg's ghost.
Exporg's ghost is severely damaged.
Exporg's ghost hits you but does no damage.
You hit Exporg's ghost but do no damage.
Exporg's ghost is severely damaged.
Exporg's ghost shouts, "You will never get the ORB!"
Exporg's ghost hits you!
You die...

............'...
...8.>......#'#####.....
...>....................
...8....................
....................?...
........................
####....................
#....................
#............@W......
#....................
#....................
#....................
#.............$.....>
#.####+##.......)....
####.......+............
....#......#............
....#......###+####....


You could see Exporg's ghost.

Vanquished Creatures
  An ogre (D:5)
  A worker ant (D:4)
  An iguana (D:4)
  3 gnolls (D:4)
  3 adders
  An ooze (D:1)
  3 worms
  3 giant cockroaches
  7 goblins
  4 hobgoblins
  4 jackals (D:1)
  2 kobolds
  A quokka (D:4)
  8 bats
  2 frilled lizards (D:2)
  3 rats
47 creatures vanquished.

Notes
Turn   | Place    | Note
-------+----------+-------------------------------------------
     0 | D:1      | Inkary the Formicid Fighter began the quest for the Orb.
     0 | D:1      | Reached XP level 1. HP: 18/18 MP: 1/1
   133 | D:1      | Reached XP level 2. HP: 23/24 MP: 2/2
   239 | D:1      | Reached XP level 3. HP: 6/30 MP: 3/3
   742 | D:2      | Upgraded the game from 0.19.1 to 0.19.5
   907 | D:2      | Reached XP level 4. HP: 36/37 MP: 4/4
  1055 | D:2      | Reached skill level 3 in Axes
  1158 | D:2      | Found a hide-covered altar of Uskayaw.
  1389 | D:2      | Found a bloodstained altar of Trog.
  1389 | D:2      | Found a burning altar of Makhleb.
  1533 | D:2      | Became a worshipper of Makhleb the Destroyer
  1710 | D:3      | You fall through a shaft for 3 floors!
  1716 | D:5      | Entered Level 5 of the Dungeon
  1768 | D:5      | Noticed an ogre
  1774 | D:5      | Killed an ogre
  1774 | D:5      | Reached skill level 4 in Axes
  1774 | D:5      | Reached XP level 5. HP: 9/42 MP: 5/5
  1935 | D:4      | Found a staircase to the Ecumenical Temple.
  1944 | D:4      | Reached skill level 5 in Axes
  1946 | D:4      | Reached XP level 6. HP: 24/48 MP: 6/6
  2133 | D:4      | Noticed Exporg's ghost (amateur MiFi)
  2144 | D:4      | You fall through a shaft!
  2401 | D:4      | Mangled by Exporg's ghost

Skill      XL: |  1  2  3  4  5 |
---------------+----------------+-----
Axes           | 4 5 |  5.5
Fighting       | |  3.8
Armour         | |  3.7
Stealth        | |  0.3
Shields        | |  3.9

Action                   |  1- 3 |  4- 6 || total
-------------------------+-------+-------++-------
Melee: War axe           |    97 |   117 ||   214
 Abil: Shaft Self        |       |     1 ||     1
  Use: Potion            |     1 |     1 ||     2
  Eat: Chunk             |       |     5 ||     5
Armor: Scale mail        |    49 |    32 ||    81
Dodge: Dodged            |    34 |    35 ||    69
Block: Shield            |    63 |    59 ||   122
